 Dungeon Crawl Stone Soup version 0.31-a0-466-g98c9adc2b6 (webtiles) character file.

Game seed: 4437517966386204740

65 Sabo the Chopper (level 3, -2/28 HPs)
             Began as a Demonspawn Gladiator on Aug 5, 2023.
             Slain by an adder (3 damage)
             ... on level 2 of the Dungeon.
             The game lasted 00:07:01 (1454 turns).

Sabo the Chopper (Demonspawn Gladiator)             Turns: 1454, Time: 00:07:01

Health: -2/28      AC:  4    Str: 15 (16) XL:     3   Next: 94%
Magic:  3/3        EV: 12    Int:  7 (9)  God:
Gold:   93         SH:  0    Dex: 12 (14) Spells: 2/2 levels left

rFire   . . .        a - +0 war axe
rCold   . . .        (no shield)
rNeg    . . .        b - +0 leather armour
rPois   .            (helmet restricted)
rElec   .            (no cloak)
rCorr   .            m - +0 pair of gloves
SInv    .            (no boots)
Will    .....        g - amulet of regeneration
Stlth   +            (no ring)
HPRegen 1.04/turn    (no ring)
MPRegen 0.08/turn

%: no passive effects
@: lethally poisoned (-2 -> -2)
A: horns 2
a: no special abilities


You were on level 2 of the Dungeon.
You visited 1 branch of the dungeon, and saw 2 of its levels.

You collected 93 gold pieces.

Inventory:

Hand Weapons
 a - a +0 war axe (weapon)
Missiles
 d - 3 throwing nets (quivered)
 e - a javelin
 p - 4 boomerangs
Armour
 b - a +0 leather armour (worn)
 m - a +0 pair of gloves (worn)
Jewellery
 g - an amulet of regeneration (around neck)
Talismans
 c - a beast talisman
 n - a talisman of death
Scrolls
 f - a scroll of identify {unknown}
 h - a scroll of enchant armour {unknown}
 i - 2 scrolls of noise {unknown}
 k - a scroll of teleportation {unknown}
 l - a scroll of fear {unknown}
Potions
 j - a potion of degeneration
 o - 2 potions of heal wounds {unknown}
 q - a potion of curing {unknown}


   Skills:
 + Level 2.4 Fighting
 + Level 3.6 Axes
 + Level 1.8 Throwing
 + Level 0.7 Armour
 + Level 3.1 Dodging
 + Level 0.2 Stealth


You had 2 spell levels left.
You didn't know any spells.
Your spell library contained the following spells:

 Spells                   Type           Power      Damage    Failure   Level
 Portal Projectile        Hex/Tloc       0%         N/A       86%         3
 Tukima's Dance           Hex            0%         N/A       86%         3
 Iskenderun's Mystic Bla  Conj/Tloc      0%         2d3       99%         4


Dungeon Overview and Level Annotations

Branches:
Dungeon (2/15)

Altars:


Innate Abilities, Weirdness & Mutations

You have a pair of horns on your head.


Message History

The adder poisons you!
You barely miss the adder. Your headbutt misses the adder.
You feel sick. The adder misses you.
You closely miss the adder. x2; You feel sick.
The adder bites you.
You are more poisoned.
The adder poisons you! The adder bites you.
You are more poisoned.
The adder poisons you! The adder bites you.
You miss the adder. Your headbutt misses the adder. You slash the adder!
You feel very sick. The adder bites you. The adder closely misses you.
The adder bites you but does no damage.
You miss the adder. You headbutt the adder.
The adder is moderately wounded.
You barely miss the adder.
You feel very sick. The adder completely misses you. The adder bites you.
You are more poisoned.
The adder poisons you! The adder bites you but does no damage.
The adder completely misses you.
You hit the adder.
The adder is heavily wounded.
You miss the adder.
You feel very sick. The adder bites you.
* * * LOW HITPOINT WARNING * * *
The adder barely misses you. The adder closely misses you.
You slash the adder!
You kill the adder!
You barely miss the adder.
You feel sick. The adder closely misses you. The adder misses you.
You closely miss the adder. Your headbutt misses the adder.
The adder is heavily wounded.
You feel sick. The adder misses you. The adder bites you.
* * * LOW HITPOINT WARNING * * *
It was a potion of degeneration.
There was something very wrong with that liquid.
You feel weakened.
You feel dopey.
You feel clumsy.
You feel sick. The adder bites you.
You die...

......##.#.. #.....#
#.# ...>........
.......# ##.#
.....######.###.....#
#..# ##### #. #.....#
#.## # ####### #.# #
# ..# #.# # #.. #.#
#.# #
.....#####.#####.#
#.....†@.........# #
##...##S#..####### #
... #<#..# .... .
.....# #### ####.## #
..# # ...# # ####


You could see an adder.

Vanquished Creatures
  2 adders (D:2)
  3 worms (D:2)
  2 dart slugs (D:2)
  5 bats
  2 endoplasms (D:2)
  A giant cockroach (D:1)
  3 goblins
  3 hobgoblins
  2 jackals (D:1)
  A quokka (D:2)
  3 ball pythons
  A frilled lizard (D:2)
  3 kobolds (D:1)
  6 rats
37 creatures vanquished.

Notes
Turn   | Place    | Note
-------+----------+-------------------------------------------
     0 | D:1      | Sabo the Demonspawn Gladiator began the quest for the Orb.
     0 | D:1      | Reached XP level 1. HP: 16/16 MP: 1/1
   223 | D:1      | Gained mutation: You have a pair of small horns on your
                  | head. [demonic ancestry]
   223 | D:1      | Reached XP level 2. HP: 22/22 MP: 2/2
   975 | D:2      | Gained mutation: You have a pair of horns on your head.
                  | [demonic ancestry]
   975 | D:2      | Reached XP level 3. HP: 27/27 MP: 3/3
  1453 | D:2      | HP: 1/28 [adder (3)]
  1454 | D:2      | Slain by an adder

Illustrated notes

Levels and vault maps discovered:
D:1:      eino_arrival_tree_alley, layout_loops_ring
D:2:      layout_loops_cross, serial_shops, shop_fountains

Skill      XL: |  1  2 |
---------------+-------+-----
Dodging        | 3 |  3.1
Axes           | 3 |  3.6
Fighting       | |  2.4
Throwing       | |  1.8
Armour         | |  0.7
Stealth        | |  0.2

Action                     || total
---------------------------++-------
  Melee: War axe           ||    90
         Headbutt          ||     6
         Punch             ||     1
    Use: Potion            ||     1
 Armour: Leather armour    ||    28
  Dodge: Dodged            ||    68

Table legend: (Time is in decaauts)
 A = Elapsed time spent in this place.
 B = Non-inter-level travel time spent in this place.
 C = Inter-level travel time spent in this place.
 D = Time resting spent in this place.
 E = Time spent auto-exploring this place.
 F = Levels seen in this place.
 G = Mean time per level.
                   A        B        C        D        E       F      G
               +--------+--------+--------+--------+--------+-----+--------+
         Total |   1485 |   1485 |      0 |    109 |      0 |   2 |  742.5 |
       Dungeon |   1485 |   1485 |      0 |    109 |      0 |   2 |  742.5 |
               +--------+--------+--------+--------+--------+-----+--------+

Top non-repeatable levels by time:
     D:1: 848 daAuts
     D:2: 636 daAuts
